 Dungeon Crawl Stone Soup version 0.25-a0-1079-g858b6a6ff6 (webtiles) character file.

Game seed: 4808132798322183411, levelgen mode: deterministic

1031 MisterFreud the Shield-Bearer (level 8, -3/65 (67) HPs)
             Began as a Gnoll Fighter on May 15, 2020.
             Was an Initiate of Ashenzari.
             Slain by an ogre
             ... wielding a +0 giant club
              (19 damage)
             ... on level 6 of the Dungeon.
             The game lasted 00:06:41 (4821 turns).

MisterFreud the Shield-Bearer (Gnoll Fighter)       Turns: 4821, Time: 00:06:42

HP:   -3/65 (67)    AC: 12    Str: 19    XL:     8   Next: 23%
MP:   12/12         EV: 10    Int: 12    God:    Ashenzari [......]
Gold: 341           SH: 11    Dex: 15    Spells: 13/13 levels left

rFire    + . .     SeeInvis .   u - +2 war axe (vorpal) (curse)
rCold    . . .     Gourm    .   c - +0 kite shield (curse)
rNeg     . . .     Faith    +   b - +0 scale mail
rPois    .         Spirit   .   R - +1 helmet
rElec    .         Reflect  .   C - +0 cloak
rCorr    +         Harm     .   v - +0 pair of gloves
MR       .....                  (no boots)
Stlth    +.........             P - amulet of faith
HPRegen  0.20/turn              y - ring of protection from fire
MPRegen  0.13/turn              E - ring of resist corrosion

@: lethally poisoned (-3 -> -5)
A: distributed training, fangs 1, strong nose
a: Curse Item, Renounce Religion


You were on level 6 of the Dungeon.
You worshipped Ashenzari.
Ashenzari was noncommittal.
You were not hungry.

You visited 2 branches of the dungeon, and saw 7 of its levels.
You visited the Abyss 1 time.

You collected 341 gold pieces.

Inventory:

Hand Weapons
 a - a +0 rapier
 u - a cursed +2 vorpal war axe (weapon)
Missiles
 e - 128 stones (quivered)
 k - 14 poisoned darts
 q - 6 javelins
 r - 44 sling bullets
 t - 36 arrows
 D - 6 boomerangs of dispersal
 M - 28 bolts
 S - 3 boomerangs
Armour
 b - a +0 scale mail (worn)
 c - a cursed +0 kite shield (worn)
 v - a +0 pair of gloves (worn)
 C - a +0 cloak (worn)
 R - a +1 helmet (worn)
Jewellery
 i - an uncursed ring of fire
 y - a ring of protection from fire (left hand)
 E - a ring of resist corrosion (right hand)
 P - an amulet of faith (around neck)
 Q - the amulet of Caleizykos {Inacc MR+ Int+5}
   (You found it on level 5 of the Dungeon)

   [amulet of inaccuracy]

   It reduces the accuracy of all your attacks.
   It affects your intelligence (+5).
   It affects your resistance to hostile enchantments.
Wands
 z - a wand of polymorph (6)
Scrolls
 g - a scroll of random uselessness {unknown}
 h - a scroll of teleportation {unknown}
 n - 6 scrolls of identify {unknown}
 o - 3 scrolls of immolation {unknown}
 s - a scroll of fear {unknown}
 F - a scroll of enchant weapon {unknown}
 K - 3 scrolls of magic mapping {unknown}
 L - a scroll of amnesia {unknown}
 N - a scroll of noise {unknown}
Potions
 d - 2 potions of might
 j - a potion of resistance {unknown}
 l - a potion of invisibility {unknown}
 m - a potion of mutation {unknown}
 p - 2 potions of haste {unknown}
 w - 2 potions of heal wounds {unknown}
 x - 2 potions of curing {unknown}
 A - 3 potions of magic {unknown}
 B - 2 potions of lignification {unknown}
 G - a potion of stabbing {unknown}
 I - 4 potions of flight {unknown}
 J - 3 potions of brilliance {unknown}
 O - a potion of berserk rage {unknown}
Comestibles
 f - 11 rations


   Skills:
 + Level 7.2 Fighting
 + Level 5.5 Short Blades
 + Level 3.0 Long Blades
 + Level 3.0 Axes
 + Level 3.0 Maces & Flails
 + Level 3.0 Polearms
 + Level 3.0 Staves
 + Level 3.0 Slings
 + Level 3.0 Bows
 + Level 3.0 Crossbows
 + Level 3.0 Throwing
 + Level 7.2 Armour
 + Level 3.0 Dodging
 + Level 3.0 Stealth
 + Level 7.2 Shields
 + Level 3.0 Unarmed Combat
 + Level 3.0 Spellcasting
 + Level 2.4 Conjurations
 + Level 2.4 Hexes
 + Level 2.4 Charms
 + Level 2.4 Summonings
 + Level 2.4 Necromancy
 + Level 2.4 Translocations
 + Level 2.4 Transmutations
 + Level 2.4 Fire Magic
 + Level 2.4 Ice Magic
 + Level 2.4 Air Magic
 + Level 2.4 Earth Magic
 + Level 2.4 Poison Magic
 + Level 3.3 Invocations
 + Level 3.0 Evocations


You had 13 spell levels left.
You didn't know any spells.
Your spell library contained the following spells:

 Spells                   Type           Power        Failure   Level  Hunger
 Beastly Appendage        Tmut           #.....       54%         1    #......
 Corona                   Hex            #......      54%         1    #......
 Ensorcelled Hibernation  Hex/Ice        #.....       69%         2    ###....
 Sticks to Snakes         Tmut           #.......     69%         2    ###....
 Confusing Touch          Hex            #.......     89%         3    ###....
 Dazzling Flash           Conj/Hex       #.....       89%         3    ###....
 Spider Form              Tmut/Pois      #.........   89%         3    ###....
 Tukima's Dance           Hex            #.......     89%         3    ###....
 Ice Form                 Ice/Tmut       #.......     100%        4    #####..
 Blade Hands              Tmut           #.........   100%        5    ######.


Dungeon Overview and Level Annotations

Branches:
Dungeon (6/15)             Temple (1/1) D:5

Altars:
Ashenzari
Cheibriados
Dithmenos
Elyvilon
Fedhas
Kikubaaqudgha
Makhleb
Nemelex Xobeh
Okawaru
Qazlal
Ru
Sif Muna
Trog
Uskayaw
Wu Jian
Xom
Yredelemnul
The Shining One


Innate Abilities, Weirdness & Mutations

Your experience applies equally to all skills.
You have very sharp teeth.
Your uncanny sense of smell can sniff out nearby items.


Message History

Your Unarmed Combat skill increases to level 3!
Your Spellcasting skill increases to level 3!
Your Evocations skill increases to level 3!
Unknown command.
Unknown command.
Unknown command.
You barely miss the worker ant.
You bite the worker ant, but do no damage.
The worker ant bites you.
* * * LOW HITPOINT WARNING * * *
You are poisoned.
The worker ant poisons you! You block the worker ant's attack.
You slash the worker ant!
You kill the worker ant!
You feel sick. The ogre closely misses you.
You closely miss the ogre.
You feel sick. The ogre closely misses you.
You slash the ogre!
The ogre is moderately wounded.
The ogre hits you with a +0 giant club!!
You die...

######...# ..#
#.### ..# #.# ..#
#.# a.#
#.##########..#
#.............#
###########...#####
##########........
#......@OYJ....#..
..########.#......
#.#..#... #.##J....
..# #.#.. ### O# .
.


You could see an ice beast, an ogre and an ooze.

Vanquished Creatures
  A sky beast (D:4)
  A necrophage (D:6)
  A phantom (D:4)
  2 ogres
  2 bullfrogs (D:6)
  A howler monkey (D:6)
  2 crimson imps
  Crazy Yiuf (D:3)
  A centaur skeleton (D:4)
  A hound (D:4)
  An orc wizard (D:6)
  3 worker ants
  7 adders
  An ooze (D:4)
  A worm (D:4)
  3 dart slugs
  3 leopard geckos
  11 orcs
  4 giant cockroaches
  11 goblins
  9 hobgoblins
  8 jackals
  8 kobolds
  2 ball pythons (D:5)
  7 bats
  6 frilled lizards
  5 rats
103 creatures vanquished.

Notes
Turn   | Place    | Note
-------+----------+-------------------------------------------
     0 | D:1      | MisterFreud the Gnoll Fighter began the quest for the Orb.
     0 | D:1      | Reached XP level 1. HP: 23/23 MP: 1/1
    93 | D:1      | Reached XP level 2. HP: 29/29 MP: 2/2
   377 | D:1      | Reached XP level 3. HP: 33/35 MP: 3/3
   869 | D:2      | Found a stormy altar of Qazlal.
   954 | D:2      | Reached skill level 1 in Invocations
  1138 | D:2      | Found a faded altar of an unknown god.
  1149 | D:2      | Reached skill level 1 in Long Blades
  1149 | D:2      | Reached skill level 1 in Axes
  1149 | D:2      | Reached skill level 1 in Maces & Flails
  1149 | D:2      | Reached skill level 1 in Polearms
  1149 | D:2      | Reached skill level 1 in Staves
  1149 | D:2      | Reached skill level 1 in Slings
  1149 | D:2      | Reached skill level 1 in Bows
  1149 | D:2      | Reached skill level 1 in Crossbows
  1149 | D:2      | Reached skill level 1 in Throwing
  1149 | D:2      | Reached skill level 1 in Dodging
  1149 | D:2      | Reached skill level 1 in Stealth
  1149 | D:2      | Reached skill level 1 in Unarmed Combat
  1149 | D:2      | Reached skill level 1 in Spellcasting
  1149 | D:2      | Reached skill level 1 in Evocations
  1149 | D:2      | Reached XP level 4. HP: 41/41 MP: 5/5
  1379 | D:2      | Found a glowing golden altar of the Shining One.
  1446 | D:2      | Found a blossoming altar of Fedhas.
  1794 | D:3      | Reached skill level 1 in Conjurations
  1794 | D:3      | Reached skill level 1 in Hexes
  1794 | D:3      | Reached skill level 1 in Charms
  1794 | D:3      | Reached skill level 1 in Summonings
  1794 | D:3      | Reached skill level 1 in Necromancy
  1794 | D:3      | Reached skill level 1 in Translocations
  1794 | D:3      | Reached skill level 1 in Transmutations
  1794 | D:3      | Reached skill level 1 in Fire Magic
  1794 | D:3      | Reached skill level 1 in Ice Magic
  1794 | D:3      | Reached skill level 1 in Air Magic
  1794 | D:3      | Reached skill level 1 in Earth Magic
  1794 | D:3      | Reached skill level 1 in Poison Magic
  1796 | D:3      | Found a basalt altar of Yredelemnul.
  1797 | D:3      | Found a shimmering altar of Xom.
  1971 | D:3      | Found an iron altar of Okawaru.
  1984 | D:3      | Found a runed translucent door.
  1985 | D:3      | Noticed Crazy Yiuf
  1998 | D:3      | Found a blossoming altar of Fedhas.
  2159 | D:3      | Cast into level 1 of the Abyss (Crazy Yiuf)
  2190 | D:3      | Escaped the Abyss
  2191 | D:3      | Killed Crazy Yiuf
  2191 | D:3      | Reached XP level 5. HP: 29/47 MP: 5/7
  2393 | D:4      | Noticed a phantom
  2394 | D:4      | Found a burning altar of Makhleb.
  2401 | D:4      | Killed a phantom
  2404 | D:4      | Reached XP level 6. HP: 31/53 MP: 8/8
  2749 | D:4      | Reached skill level 5 in Short Blades
  3040 | D:4      | Found a hide-covered altar of Uskayaw.
  3044 | D:4      | Found an ancient bone altar of Kikubaaqudgha.
  3179 | D:4      | Noticed a sky beast
  3187 | D:4      | Killed a sky beast
  3267 | D:4      | Reached XP level 7. HP: 59/59 MP: 10/10
  3706 | D:5      | Entered Level 5 of the Dungeon
  3847 | D:5      | Got a twitching diamond amulet
  3852 | D:5      | Identified the amulet of Caleizykos {Inacc MR+ Int+5} (You
                  | found it on level 5 of the Dungeon)
  4018 | D:5      | Found a sacrificial altar of Ru.
  4265 | D:5      | Found a staircase to the Ecumenical Temple.
  4273 | Temple   | Entered the Ecumenical Temple
  4322 | Temple   | Became a worshipper of Ashenzari the Shackled
  4604 | D:6      | Reached XP level 8. HP: 54/65 MP: 12/12
  4821 | D:6      | Slain by an ogre

Illustrated notes

Levels and vault maps discovered:
D:1:      eino_arrival_cavern_a, layout_loops_cross
D:2:      layout_basic, nicolae_qazlal_general_emergency,
          overflow_temple_1_default, nicolae_overflow_crystal_walls,
          chequers_ecumenical_altar_simple
D:3:      layout_rooms, nicolae_overflow_hidden_temple, lemuel_doored_altar,
          first_ration, fedhas_altar_2, uniq_jessica, uniq_crazy_yiuf_cottage
D:4:      layout_basic, grunt_temple_overflow_open, minmay_ruined_shrine
D:5:      layout_loops_ring, lemuel_crystal_altar, minmay_temple_entry_statues,
          saegor_snake_ambush
D:6:      layout_loops_ring, zin_angel, gammafunk_ghost_hive
Temple:   jpeg_temple_island

Skill      XL: |  1  2  3  4  5  6  7  8 |
---------------+-------------------------+-----
Invocations    | 1 2 3 |  3.3
Long Blades    | 1 2 3 |  3.0
Axes           | 1 2 3 |  3.0
Maces & Flails | 1 2 3 |  3.0
Polearms       | 1 2 3 |  3.0
Staves         | 1 2 3 |  3.0
Slings         | 1 2 3 |  3.0
Bows           | 1 2 3 |  3.0
Crossbows      | 1 2 3 |  3.0
Throwing       | 1 2 3 |  3.0
Dodging        | 1 2 3 |  3.0
Stealth        | 1 2 3 |  3.0
Unarmed Combat | 1 2 3 |  3.0
Spellcasting   | 1 2 3 |  3.0
Evocations     | 1 2 3 |  3.0
Conjurations   | 1 2 |  2.4
Hexes          | 1 2 |  2.4
Charms         | 1 2 |  2.4
Summonings     | 1 2 |  2.4
Necromancy     | 1 2 |  2.4
Translocations | 1 2 |  2.4
Transmutations | 1 2 |  2.4
Fire Magic     | 1 2 |  2.4
Ice Magic      | 1 2 |  2.4
Air Magic      | 1 2 |  2.4
Earth Magic    | 1 2 |  2.4
Poison Magic   | 1 2 |  2.4
Short Blades   | 5 |  5.5
Fighting       | 7 |  7.2
Armour         | 7 |  7.2
Shields        | 7 |  7.2

Action                   |  1- 3 |  4- 6 |  7- 9 || total
-------------------------+-------+-------+-------++-------
Melee: Rapier            |   105 |    10 |       ||   115
       Bite              |    12 |    11 |     6 ||    29
       War axe           |       |    86 |    85 ||   171
Invok: Curse Item        |       |       |     2 ||     2
  Eat: Chunk             |     1 |     6 |     6 ||    13
Armor: Scale mail        |    25 |    44 |    41 ||   110
Dodge: Dodged            |    19 |    28 |    28 ||    75
Block: Kite shield       |    39 |    70 |    54 ||   163

Table legend:
 A = Non-vault XP
 B = Vault XP
 C = Vault XP percentage of total XP
 D = Non-vault monster count
 E = Vault monster count
 F = Vault count percentage of total count
                 A         B        C        D         E       F
            +---------+---------+-------+---------+---------+-------
      Total |    1243 |     230 |  15.6 |      95 |       8 |   7.8
            +---------+---------+-------+---------+---------+-------
        D:1 |      53 |       0 |   0.0 |      29 |       0 |   0.0
        D:2 |      45 |       0 |   0.0 |      17 |       0 |   0.0
        D:3 |      44 |      42 |  48.8 |      13 |       1 |   7.1
        D:4 |     371 |     186 |  33.4 |      16 |       5 |  23.8
        D:5 |      95 |       2 |   2.1 |       3 |       2 |  40.0
        D:6 |     635 |       0 |   0.0 |      17 |       0 |   0.0
            +---------+---------+-------+---------+---------+-------
